 Dungeon Crawl Stone Soup version 0.22-a0-379-ga9d99d6 (webtiles) character file.

1177 reaverb the Skirmisher (level 8, 0/132 HPs)
             Began as an Ogre Berserker on Apr 29, 2018.
             Was a Priest of Trog.
             Slain by an orc priest
             ... wielding a +0 falchion
              (9 damage)
             ... on level 6 of the Dungeon.
             The game lasted 00:06:18 (8520 turns).

reaverb the Skirmisher (Ogre Berserker)             Turns: 8520, Time: 00:06:19

Health: 0/132      AC:  3    Str: 27    XL:     8   Next: 41%
Magic:  8/8        EV: 11    Int:  8    God:    Trog [***...]
Gold:   278        SH:  0    Dex: 10    Spells: 7/7 levels left

rFire    . . .     SeeInvis .   l - +2 whip (elec)
rCold    . . .     Gourm    .   (no shield)
rNeg     . . .     Faith    .   b - +0 animal skin
rPois    .         Spirit   .   (helmet restricted)
rElec    .         Reflect  .   (no cloak)
rCorr    .         Harm     .   (gloves unavailable)
MR       ++...                  (boots unavailable)
Stlth    ..........             g - amulet of the acrobat
HPRegen  1.32/turn              (no ring)
MPRegen  0.11/turn              (no ring)

@: berserking, regenerating, very quick
A: large, unfitting armour, tough skin 1
a: Berserk, Trog's Hand, Renounce Religion


You were on level 6 of the Dungeon.
You worshipped Trog.
Trog was most pleased with you.
You were very hungry.

You visited 1 branch of the dungeon, and saw 6 of its levels.

You collected 278 gold pieces.

Notes
Turn   | Place    | Note
-------+----------+-------------------------------------------
     0 | D:1      | reaverb the Ogre Berserker began the quest for the Orb.
     0 | D:1      | Reached XP level 1. HP: 24/24 MP: 1/1
   512 | D:1      | Reached XP level 2. HP: 25/32 MP: 2/2
  1194 | D:2      | Huge Dmg: 11 Dmg
  1198 | D:1      | Huge Dmg: 6 Dmg
  1200 | D:1      | Reached XP level 3. HP: 18/39 MP: 3/3
  1207 | D:1      | Huge Dmg: 5 Dmg
  1221 | D:1      | Huge Dmg: 4 Dmg
  1486 | D:2      | Huge Dmg: 12 Dmg
  1487 | D:2      | Huge Dmg: 10 Dmg
  1635 | D:2      | Huge Dmg: 17 Dmg
  1736 | D:2      | Reached ** piety under Trog
  1796 | D:2      | Found a hazy altar of Hepliaklqana.
  1902 | D:2      | Reached XP level 4. HP: 22/48 MP: 4/4
  1930 | D:2      | Huge Dmg: 2 Dmg
  2234 | D:2      | Huge Dmg: 16 Dmg
  2878 | D:2      | Huge Dmg: 14 Dmg
  3466 | D:3      | Huge Dmg: 10 Dmg
  3471 | D:3      | Reached skill level 5 in Maces & Flails
  3471 | D:3      | Reached XP level 5. HP: 54/54 MP: 5/5
  3483 | D:3      | Huge Dmg: 16 Dmg
  4065 | D:3      | Huge Dmg: 19 Dmg
  4068 | D:3      | Huge Dmg: 17 Dmg
  4070 | D:3      | Huge Dmg: 11 Dmg
  4074 | D:3      | HP: 6/81 [orc/flail (10)]
  4075 | D:3      | Huge Dmg: 10 Dmg
  4349 | D:3      | Noticed Sigmund
  4360 | D:3      | Killed Sigmund
  4360 | D:3      | Reached XP level 6. HP: 62/62 MP: 6/6
  4374 | D:3      | Huge Dmg: 27 Dmg
  5194 | D:4      | Reached XP level 7. HP: 71/71 MP: 7/7
  5537 | D:4      | Reached *** piety under Trog
  5537 | D:4      | Reached skill level 5 in Fighting
  6524 | D:5      | Entered Level 5 of the Dungeon
  7430 | D:5      | Reached skill level 6 in Fighting
  7900 | D:6      | Reached XP level 8. HP: 74/84 MP: 8/8
  7943 | D:6      | Identified a book of Clouds
  8074 | D:6      | Reached skill level 7 in Fighting
  8406 | D:6      | Reached skill level 5 in Dodging
  8416 | D:6      | Huge Dmg: 33 Dmg
  8510 | D:6      | Huge Dmg: 23 Dmg
  8511 | D:6      | Huge Dmg: 12 Dmg
  8518 | D:6      | HP: 8/130 [orc warrior/long sword (12)]
  8519 | D:6      | Huge Dmg: 13 Dmg
  8520 | D:6      | Slain by an orc priest

Inventory:

Hand Weapons
 a - a +1 mace
 l - a +2 whip of electrocution (weapon)
 m - a +0 blowgun
Missiles
 s - 25 poisoned needles
Armour
 b - a +0 animal skin (worn)
Jewellery
 g - an amulet of the acrobat (around neck)
 r - an uncursed ring of resist corrosion {unknown}
 x - a cursed -2 ring of dexterity {unknown}
Wands
 w - a wand of disintegration (8)
 A - a wand of paralysis (7)
Scrolls
 h - 2 scrolls of teleportation
 j - 3 scrolls of blinking
 k - 3 scrolls of identify {unknown}
 v - a scroll of magic mapping {unknown}
 y - a scroll of noise {unknown}
 B - a scroll of enchant weapon
Potions
 d - a potion of curing {unknown}
 e - 2 potions of agility
 f - a potion of brilliance {unknown}
 i - 3 potions of heal wounds {unknown}
 n - a potion of magic {unknown}
 o - 3 potions of degeneration {unknown}
 p - 2 potions of might
 q - a potion of cancellation {unknown}
 t - 3 potions of invisibility {unknown}
 u - 5 potions of flight {unknown}
 z - a potion of lignification {unknown}
Comestibles
 c - 9 rations

Table legend:
 A = Turns spent in this place as a percentage of turns spent in the entire game.
 B = Non-inter-level travel turns spent in this place as a percentage of non-inter-level travel turns spent in the entire game.
 C = Inter-level travel turns spent in this place as a percentage of turns spent in this place.
 D = Turns resting spent in this place as a percentage of non-inter-level travel turns spent in this place.
 E = Turns spent auto-exploring this place as a percentage of non-inter-level travel turns spent in this place.
 F = Non-inter-level travel turns spent in this place divided by the number of levels of this place that you've seen.
                   A       B       C       D       E      F
               +-------+-------+-------+-------+-------+----------------------
         Total | 100.0 | 100.0 |   2.3 |  22.3 |  57.8 | 1387.3
       Dungeon | 100.0 | 100.0 |   2.3 |  22.3 |  57.8 | 1387.3
               +-------+-------+-------+-------+-------+----------------------


   Skills:
 + Level 7.8 Fighting
 - Level 6.6 Maces & Flails
 + Level 5.3 Dodging


You had 7 spell levels left.
You didn't know any spells.

Dungeon Overview and Level Annotations

Branches:
Dungeon (6/15)
 Temple: D:4-7

Altars:
Hepliaklqana


Innate Abilities, Weirdness & Mutations

You are too large for most types of armour.
You have tough skin. (AC +1)


Message History

You feel yourself speed up.
You start resting.
You recover from your berserk rage.
HP restored.
Items here: ( )) [[ a dagger; a leather armour; 12 stones; a dagger; a robe You see here a stone.
Found a stone staircase leading down.
There is a stone staircase leading down here.
An orc and an orc priest come into view.
The orc shouts!
The orc priest moves out of view.
An orc priest comes into view. It is wielding a dagger of protection.
The orc priest shouts!
An orc warrior comes into view. It is wielding a long sword.
The orc priest casts a cantrip, but nothing happens.
An orc comes into view. It is wielding a short sword.
The orc warrior shouts!
The orc shouts!
The orc moves out of view.
You hit the orc.
The orc is severely wounded.
The orc hits you with a dagger.
Damage: -2%(-2hp) hp: 98%(85hp)
You hit the orc.
You kill the orc!
Trog accepts your kill.
The orc priest mumbles some strange prayers to Beogh against you.
Pain shoots through your body!
Damage: -9%(-8hp) hp: 89%(77hp)
You hit the orc priest.
The orc priest is lightly wounded.
The orc priest invokes the aid of Beogh against you.
Beogh smites you!
The orc priest hits you with a dagger of protection.
Damage: -15%(-13hp) hp: 74%(64hp)
You closely miss the orc priest.
The orc priest is lightly wounded.
The orc priest hits you with a dagger of protection.
The orc warrior hits you with a long sword!!
* * * LOW HITPOINT WARNING * * *
Huge Dmg: -26%(-23hp) hp: 48%(41hp)
The orc priest calls down the wrath of Beogh upon you.
Beogh smites you!
* * * LOW HITPOINT WARNING * * *
Huge Dmg: -14%(-12hp) hp: 34%(29hp) Unknown command.
Unknown command.
Unknown command.
Unknown command.
Unknown command.
Unknown command.
Unknown command.
Your skin crawls.
You feel resistant to hostile enchantments.
You feel somewhat more hungry.
A red film seems to cover your vision as you go berserk!
You feel yourself moving faster!
You feel mighty!
You are feeling very hungry.
The orc priest completely misses you.
The orc warrior hits you with a long sword!
* * * LOW HITPOINT WARNING * * *
You hit the orc warrior.
The orc warrior is moderately wounded.
You barely miss the orc warrior.
The orc warrior is moderately wounded.
The orc priest calls upon Beogh to heal the orc warrior.
The orc warrior is healed somewhat.
The orc priest closely misses you.
You barely miss the orc warrior.
The orc warrior is lightly wounded.
The orc priest hits you with a dagger of protection!
* * * LOW HITPOINT WARNING * * *
Damage: -4%(-6hp) hp: 20%(25hp)
You hit the orc warrior.
The orc warrior is lightly wounded.
The orc throws a tomahawk.
The tomahawk closely misses you.
The orc priest hits you with a falchion.
* * * LOW HITPOINT WARNING * * *
The orc warrior completely misses you.
Damage: -4%(-5hp) hp: 16%(20hp)
You barely miss the orc warrior.
The orc warrior is lightly wounded.
The orc priest barely misses you.
You whack the orc warrior!
The orc warrior is heavily wounded.
The orc throws a tomahawk.
The tomahawk hits you.
* * * LOW HITPOINT WARNING * * *
The orc priest closely misses you.
The orc warrior hits you with a long sword!
* * * LOW HITPOINT WARNING * * *
Huge Dmg: -10%(-13hp) hp: 7%(8hp)
You whack the orc warrior!
The orc warrior is almost dead.
The orc priest closely misses you.
You whack the orc warrior!
Lightning courses through the orc warrior!
You kill the orc warrior!
Trog accepts your kill.
The orc throws a tomahawk.
The tomahawk barely misses you.
The orc priest hits you with a falchion!
You die...

...## . #... ..
#........##.. #
...####..#......#.. ##
....... #.......# ###.
....# #.......####...
.#####).####......#....##
....#..oo.##..........###
......o>@....(.......## #
......##)...........#####
......#...##....##..###(.
.........####..###..()).#
........## ##..##....)..#
####....####..>##.#.....#
##....................
##########.........##
#........###


You could see 2 orc priests and an orc.

Table legend:
 A = Kills in this place as a percentage of kills in entire the game.
 B = Kills by you in this place as a percentage of kills by you in the entire game.
 C = Kills by friends in this place as a percentage of kills by friends in the entire game.
 D = Other kills in this place as a percentage of other kills in the entire game.
 E = Experience gained in this place as a percentage of experience gained in the entire game.
 F = Experience gained in this place divided by the number of levels of this place that you have seen.
                   A       B       C       D       E      F
               +-------+-------+-------+-------+-------+----------------------
         Total | 100.0 | 100.0 |   N/A |   N/A | 100.0 | 280.3
       Dungeon | 100.0 | 100.0 |   N/A |   N/A | 100.0 | 280.3
               +-------+-------+-------+-------+-------+----------------------

Vanquished Creatures
  Sigmund (D:3)
  An orc warrior (D:6)
  2 bullfrogs (D:6)
  A scorpion (D:4)
  A howler monkey (D:5)
  A crimson imp (D:6)
  A bullfrog zombie (D:5)
  2 hounds (D:5)
  An orc priest (D:6)
  A jelly (D:5)
  5 orc wizards
  An iguana (D:6)
  5 worker ants
  A killer bee zombie (D:5)
  A hound skeleton (D:5)
  3 gnolls (D:3)
  6 adders
  3 oozes
  2 adder skeletons
  3 worms
  2 dart slugs
  15 orcs
  5 bats
  4 giant cockroaches
  10 hobgoblins
  7 jackals (D:3)
  9 kobolds
  3 ball pythons
  5 frilled lizards
  10 goblins
  A quokka skeleton (D:6)
  5 rats
118 creatures vanquished.

Action                   |  1- 3 |  4- 6 |  7- 9 || total
-------------------------+-------+-------+-------++-------
Melee: Mace              |   112 |   128 |       ||   240
       Whip              |       |    39 |   143 ||   182
Invok: Berserk           |     2 |     5 |     2 ||     9
       Trog's Hand       |       |       |     1 ||     1
  Use: Scroll            |       |     7 |       ||     7
 Stab: Sleeping          |     1 |       |       ||     1
  Eat: Chunk             |     2 |    15 |     8 ||    25
       Ration            |     1 |       |     1 ||     2
Armor: Animal skin       |    29 |    33 |    17 ||    79
Dodge: Dodged            |    64 |   105 |    50 ||   219
